| TOP OF THE 1ST |
|
Minnesota (NYP) Twins batting - Pitching for Aberdeen Ironbirds : RHP Steve Webb
|
|
Pitching: RHP Steve Webb
|
|
|
Batting: RHB David McDonald
|
0-0: Called Strike 0-1: Ball 1-1: Ball 2-1: Foul Ball, location: 2F 2-2: Foul Ball, location: 2F 2-2: Strikes out swinging
|
|
Batting: LHB Ryuuichi Shintani
|
0-0: Ball 1-0: Swinging Strike 1-1: Called Strike 1-2: Ball 2-2: SINGLE (Groundball, 34D, EV 101.2 MPH)
|
|
Batting: RHB Kevin Harris
|
0-0: Fly out, F9 (Flyball, 89D, EV 91.9 MPH)
|
|
Batting: LHB Shaun Price
|
0-0: Fielders Choice at 2nd, 6-5 (Groundball, 6M, EV 98.1 MPH)
|
| Top of the 1st over - 0 runs, 1 hit, 0 errors, 1 left on base; Minnesota (NYP) 0 - Aberdeen 0 |
| BOTTOM OF THE 1ST |
|
Aberdeen Ironbirds batting - Pitching for Minnesota (NYP) Twins : RHP Glen Dutton
|
|
Pitching: RHP Glen Dutton
|
|
|
Batting: RHB Kevin Popowicz
|
0-0: Ball 1-0: Called Strike 1-1: Swinging Strike 1-2: Foul Ball, location: 2F 1-2: Strikes out swinging
|
|
Batting: RHB Maup Gommers
|
0-0: Called Strike 0-1: Fly out, F8 (Flyball, 8RXD, EV 96.2 MPH)
|
|
Batting: LHB Sam Williams
|
0-0: Ball 1-0: Swinging Strike 1-1: Foul Ball, location: 2F 1-2: Strikes out swinging
|
| Bottom of the 1st over - 0 runs, 0 hits, 0 errors, 0 left on base; Minnesota (NYP) 0 - Aberdeen 0 |
| TOP OF THE 2ND |
|
Minnesota (NYP) Twins batting - Pitching for Aberdeen Ironbirds : RHP Steve Webb
|
|
Batting: RHB Sergio Gomez
|
0-0: Swinging Strike 0-1: Called Strike 0-2: Foul Ball, location: 2F 0-2: Ball 1-2: Strikes out swinging
|
|
Batting: LHB Hector Olvera
|
0-0: Foul Ball, location: 2F 0-1: Called Strike 0-2: Ball 1-2: Foul Ball, location: 2F 1-2: Fly out, F8 (Flyball, 89S, EV 93.8 MPH)
|
|
Batting: RHB Chris Bejarano
|
0-0: Ball 1-0: Called Strike 1-1: Bunt missed! 1-2: Foul Ball, location: 2F 1-2: Ball 2-2: Foul Ball, location: 2F 2-2: Strikes out swinging
|
| Top of the 2nd over - 0 runs, 0 hits, 0 errors, 0 left on base; Minnesota (NYP) 0 - Aberdeen 0 |
| BOTTOM OF THE 2ND |
|
Aberdeen Ironbirds batting - Pitching for Minnesota (NYP) Twins : RHP Glen Dutton
|
|
Batting: RHB Jonathan Mendoza
|
0-0: Foul Ball, location: 2F 0-1: Ball 1-1: SINGLE (Groundball, 56D, EV 106.2 MPH)
|
|
Batting: LHB Vinny Rivera
|
0-0: Called Strike 0-1: Ball 1-1: Foul Ball, location: 2F 1-2: Ball 2-2: Foul Ball, location: 2F 2-2: Strikes out swinging
|
|
Batting: SHB Carlos Carrillo
|
0-0: Ball 1-0: Foul Ball, location: 2F 1-1: Ball 2-1: Ball 3-1: Foul Ball, location: 2F 3-2: Strikes out swinging
|
|
Batting: RHB Wil Ochoa
|
Balk! Jonathan Mendoza to second 0-0: Called Strike 0-1: Ball 1-1: Foul Ball, location: 2F 1-2: Fly out, F8 (Flyball, 8LM, EV 91.9 MPH)
|
| Bottom of the 2nd over - 0 runs, 1 hit, 0 errors, 1 left on base; Minnesota (NYP) 0 - Aberdeen 0 |
| TOP OF THE 3RD |
|
Minnesota (NYP) Twins batting - Pitching for Aberdeen Ironbirds : RHP Steve Webb
|
|
Batting: RHB Ioan Biros
|
0-0: Called Strike 0-1: Ball 1-1: Foul Ball, location: 2F 1-2: Ball 2-2: Foul Ball, location: 2F 2-2: DOUBLE (Line Drive, 7LM, EV 107.5 MPH)
|
|
Batting: LHB Ben Roth
|
0-0: Ball 1-0: Swinging Strike 1-1: Ball 2-1: Ball 3-1: Ground out 6-3 (Groundball, 6M, EV 81.9 MPH) Ioan Biros to third
|
|
Batting: RHB David McDonald
|
0-0: Called Strike 0-1: Called Strike 0-2: Foul Ball, location: 2F 0-2: SINGLE (Groundball, 56D, EV 96.9 MPH) Ioan Biros scores
|
|
Batting: LHB Ryuuichi Shintani
|
0-0: Ball 1-0: Ball David McDonald steals 2nd base 2-0: Swinging Strike 2-1: Ball 3-1: Swinging Strike 3-2: Base on Balls
|
|
Batting: RHB Kevin Harris
|
0-0: Called Strike 0-1: TRIPLE (Flyball, 7D, EV 108.8 MPH) David McDonald scores Ryuuichi Shintani scores
|
|
Batting: LHB Shaun Price
|
0-0: Ball 1-0: Foul Ball, location: 2F 1-1: Ball 2-1: Called Strike 2-2: Ball 3-2: SINGLE (Groundball, 34S, EV 67.5 MPH) (infield hit)
|
|
Batting: RHB Sergio Gomez
|
0-0: Ball 1-0: Called Strike 1-1: Called Strike 1-2: Ball 2-2: Strikes out swinging
|
|
Batting: LHB Hector Olvera
|
0-0: Swinging Strike 0-1: Foul Ball, location: 2F 0-2: Ball 1-2: Strikes out looking
|
| Top of the 3rd over - 3 runs, 4 hits, 0 errors, 2 left on base; Minnesota (NYP) 3 - Aberdeen 0 |
| BOTTOM OF THE 3RD |
|
Aberdeen Ironbirds batting - Pitching for Minnesota (NYP) Twins : RHP Glen Dutton
|
|
Batting: RHB Fernando Bravo
|
0-0: Ball 1-0: Swinging Strike 1-1: Called Strike 1-2: Ball 2-2: Foul Ball, location: 2F 2-2: Foul Ball, location: 2F 2-2: Strikes out swinging
|
|
Batting: RHB Matt Berrier
|
0-0: Ball 1-0: Swinging Strike 1-1: Foul Ball, location: 2F 1-2: Ball 2-2: Foul Ball, location: 2F 2-2: Ground out 6-3 (Groundball, 6, EV 98.1 MPH)
|
|
Batting: RHB Kevin Popowicz
|
0-0: Called Strike 0-1: Swinging Strike 0-2: Strikes out swinging
|
| Bottom of the 3rd over - 0 runs, 0 hits, 0 errors, 0 left on base; Minnesota (NYP) 3 - Aberdeen 0 |
| TOP OF THE 4TH |
|
Minnesota (NYP) Twins batting - Pitching for Aberdeen Ironbirds : RHP Steve Webb
|
|
Batting: RHB Chris Bejarano
|
0-0: Called Strike 0-1: Ball 1-1: Reached on error, E5 (Groundball, 56S, EV 86.9 MPH)
|
|
Batting: RHB Ioan Biros
|
0-0: Called Strike 0-1: Called Strike 0-2: Ball 1-2: Ground out 4-3 (Groundball, 4M, EV 100.0 MPH) Chris Bejarano to third
|
|
Batting: LHB Ben Roth
|
0-0: Ball 1-0: Called Strike 1-1: Ground out 6-3 (Groundball, 4, EV 83.1 MPH)
|
|
Batting: RHB David McDonald
|
0-0: Ball 1-0: Ball 2-0: Foul Ball, location: 2F 2-1: Called Strike 2-2: Foul Ball, location: 2F 2-2: Ball 3-2: SINGLE (Line Drive, 8RS, EV 93.1 MPH) Chris Bejarano scores
|
|
Batting: LHB Ryuuichi Shintani
|
0-0: Ball David McDonald steals 2nd, throwing error, E2 David McDonald to third 1-0: Ball Passed Ball! David McDonald scores 2-0: Foul Ball, location: 2F 2-1: Swinging Strike 2-2: Foul Ball, location: 2F 2-2: Strikes out swinging
|
| Top of the 4th over - 2 runs, 1 hit, 2 errors, 0 left on base; Minnesota (NYP) 5 - Aberdeen 0 |
| BOTTOM OF THE 4TH |
|
Aberdeen Ironbirds batting - Pitching for Minnesota (NYP) Twins : RHP Glen Dutton
|
|
Batting: RHB Maup Gommers
|
0-0: Ball 1-0: Called Strike 1-1: SINGLE (Line Drive, 89S, EV 106.2 MPH)
|
|
Batting: LHB Sam Williams
|
0-0: Ball 1-0: Ball Pickoff Throw to First - Out! 1-3 CS 2-0: Called Strike 2-1: Ball 3-1: Foul Ball, location: 2F 3-2: Fly out, F8 (Flyball, 8RXD, EV 88.8 MPH)
|
|
Batting: RHB Jonathan Mendoza
|
0-0: Ball 1-0: Ball 2-0: Ball 3-0: Base on Balls
|
|
Batting: LHB Vinny Rivera
|
0-0: Ball Jonathan Mendoza steals 2nd base 1-0: Ball 2-0: Ground out U3 (Groundball, 3, EV 86.2 MPH)
|
| Bottom of the 4th over - 0 runs, 1 hit, 0 errors, 1 left on base; Minnesota (NYP) 5 - Aberdeen 0 |
| TOP OF THE 5TH |
|
Minnesota (NYP) Twins batting - Pitching for Aberdeen Ironbirds : RHP Steve Webb
|
|
Pitching: LHP Kyohei Koyama
|
|
|
Batting: RHB Kevin Harris
|
0-0: Ball 1-0: Ball 2-0: Foul Ball, location: 2F 2-1: Fly out, F8 (Flyball, 89M, EV 93.8 MPH)
|
|
Batting: LHB Shaun Price
|
0-0: Ball 1-0: Ball 2-0: Ball 3-0: Called Strike 3-1: Foul Ball, location: 2F 3-2: SINGLE (Groundball, 4D, EV 105.6 MPH)
|
|
Batting: RHB Sergio Gomez
|
0-0: Called Strike 0-1: Foul Ball, location: 2F 0-2: Ball 1-2: Ball 2-2: Foul Ball, location: 2F 2-2: Reached on error, E5 (Groundball, 56S, EV 84.4 MPH) Shaun Price to second
|
|
Batting: LHB Hector Olvera
|
0-0: DOUBLE (Flyball, 8RXD, EV 110.6 MPH) Shaun Price scores Sergio Gomez to third Runner from 3rd tries for Home, throw by CF and OUT! 8-4-2
|
|
Batting: RHB Chris Bejarano
|
0-0: Foul Ball, location: 2F 0-1: Ball 1-1: Ball 2-1: Foul Ball, location: 2F 2-2: Foul Ball, location: 2F 2-2: Foul Ball, location: 2F 2-2: Strikes out swinging, 2-3 out at first.
|
| Top of the 5th over - 1 run, 2 hits, 1 error, 1 left on base; Minnesota (NYP) 6 - Aberdeen 0 |
| BOTTOM OF THE 5TH |
|
Aberdeen Ironbirds batting - Pitching for Minnesota (NYP) Twins : RHP Glen Dutton
|
|
Batting: SHB Carlos Carrillo
|
0-0: Called Strike 0-1: Reached on error, E6 (Groundball, 6M, EV 85.6 MPH)
|
|
Batting: RHB Wil Ochoa
|
0-0: Called Strike 0-1: Called Strike 0-2: Ball 1-2: Foul Ball, location: 2F 1-2: Strikes out swinging
|
|
Batting: RHB Fernando Bravo
|
0-0: Foul Ball, location: 2F 0-1: SINGLE (Groundball, 4MD, EV 104.4 MPH) Carlos Carrillo to second Runner from 2nd tries for 3rd, SAFE, throw by CF made to third
|
|
Batting: RHB Matt Berrier
|
0-0: Ball Pickoff Throw to First - Out! 1-3 1-0: Called Strike 1-1: Ball 2-1: Ground out 5-3 (Groundball, 56, EV 85.0 MPH)
|
| Bottom of the 5th over - 0 runs, 1 hit, 1 error, 1 left on base; Minnesota (NYP) 6 - Aberdeen 0 |
| TOP OF THE 6TH |
|
Minnesota (NYP) Twins batting - Pitching for Aberdeen Ironbirds : LHP Kyohei Koyama
|
|
Batting: RHB Ioan Biros
|
0-0: Ball 1-0: Foul Ball, location: 2F 1-1: Ground out 2-3 (Groundball, 2L, EV 65.6 MPH)
|
|
Batting: LHB Ben Roth
|
0-0: Ground out 6-3 (Groundball, 6M, EV 87.5 MPH)
|
|
Batting: RHB David McDonald
|
0-0: Ball 1-0: Called Strike 1-1: Ground out U3 (Groundball, 34S, EV 93.8 MPH)
|
| Top of the 6th over - 0 runs, 0 hits, 0 errors, 0 left on base; Minnesota (NYP) 6 - Aberdeen 0 |
| BOTTOM OF THE 6TH |
|
Aberdeen Ironbirds batting - Pitching for Minnesota (NYP) Twins : RHP Glen Dutton
|
|
Pitching: RHP Matt Parsons
|
|
|
Batting: RHB Kevin Popowicz
|
0-0: Ball 1-0: Ball 2-0: Ground out 6-3 (Groundball, 6, EV 83.1 MPH)
|
|
Batting: RHB Maup Gommers
|
0-0: Ball 1-0: Ball 2-0: Swinging Strike 2-1: Called Strike 2-2: Foul Ball, location: 2F 2-2: TRIPLE (Flyball, 89XD, EV 105.0 MPH)
|
|
Batting: LHB Sam Williams
|
0-0: Called Strike 0-1: Foul Ball, location: 2F 0-2: Ball 1-2: Strikes out looking
|
|
Batting: RHB Jonathan Mendoza
|
0-0: Swinging Strike 0-1: Called Strike 0-2: Foul Ball, location: 2F 0-2: Fly out, F8 (Flyball, 8LXD, EV 101.9 MPH)
|
| Bottom of the 6th over - 0 runs, 1 hit, 0 errors, 1 left on base; Minnesota (NYP) 6 - Aberdeen 0 |
| TOP OF THE 7TH |
|
Minnesota (NYP) Twins batting - Pitching for Aberdeen Ironbirds : LHP Kyohei Koyama
|
|
Batting: LHB Ryuuichi Shintani
|
0-0: Ball 1-0: Ball 2-0: Ball 3-0: Called Strike 3-1: Ground out 4-3 (Groundball, 4, EV 79.4 MPH)
|
|
Batting: RHB Kevin Harris
|
0-0: Called Strike 0-1: Ball 1-1: Called Strike 1-2: SINGLE (Groundball, 5S, EV 62.5 MPH) (infield hit)
|
|
Batting: LHB Shaun Price
|
0-0: Called Strike 0-1: Fielders Choice at 2nd, 5-6 (Groundball, 56, EV 99.4 MPH)
|
|
Batting: RHB Sergio Gomez
|
0-0: Called Strike 0-1: Ball 1-1: Ball 2-1: Ground out 4-3 (Groundball, 4, EV 103.1 MPH)
|
| Top of the 7th over - 0 runs, 1 hit, 0 errors, 1 left on base; Minnesota (NYP) 6 - Aberdeen 0 |
| BOTTOM OF THE 7TH |
|
Aberdeen Ironbirds batting - Pitching for Minnesota (NYP) Twins : RHP Matt Parsons
|
|
Batting: LHB Vinny Rivera
|
0-0: Ball 1-0: Foul Ball, location: 2F 1-1: Foul Ball, location: 2F 1-2: Ground out 6-3 (Groundball, 6, EV 108.1 MPH)
|
|
Batting: SHB Carlos Carrillo
|
0-0: Ball 1-0: Ball 2-0: Called Strike 2-1: Foul Ball, location: 2F 2-2: Ball 3-2: Foul Ball, location: 2F 3-2: Ground out 6-3 (Groundball, 6, EV 76.9 MPH)
|
|
Batting: RHB Wil Ochoa
|
0-0: Fly out, F7 (Flyball, 78D, EV 82.5 MPH)
|
| Bottom of the 7th over - 0 runs, 0 hits, 0 errors, 0 left on base; Minnesota (NYP) 6 - Aberdeen 0 |
| TOP OF THE 8TH |
|
Minnesota (NYP) Twins batting - Pitching for Aberdeen Ironbirds : LHP Kyohei Koyama
|
|
Batting: LHB Hector Olvera
|
0-0: Ball 1-0: Foul Ball, location: 2F 1-1: Foul Ball, location: 2F 1-2: Hit by Pitch
|
|
Pitching: RHP Rich Hensley
|
|
|
Batting: RHB Chris Bejarano
|
0-0: Called Strike 0-1: Ball 1-1: SINGLE (Line Drive, 9LM, EV 108.8 MPH) Hector Olvera to second
|
|
Batting: RHB Ioan Biros
|
0-0: Ball 1-0: Called Strike 1-1: Foul Ball, location: 2F 1-2: Strikes out swinging
|
|
Batting: LHB Ben Roth
|
0-0: Ball 1-0: Called Strike 1-1: Foul Ball, location: 2F 1-2: Ball 2-2: Ball 3-2: Fly out, F7 (Flyball, 7, EV 81.9 MPH)
|
|
Batting: RHB David McDonald
|
0-0: Ball 1-0: Ball 2-0: Called Strike 2-1: Foul Ball, location: 2F 2-2: Ball 3-2: Fly out, F7 (Flyball, 78M, EV 93.8 MPH)
|
| Top of the 8th over - 0 runs, 1 hit, 0 errors, 2 left on base; Minnesota (NYP) 6 - Aberdeen 0 |
| BOTTOM OF THE 8TH |
|
Aberdeen Ironbirds batting - Pitching for Minnesota (NYP) Twins : RHP Matt Parsons
|
|
Batting: RHB Fernando Bravo
|
0-0: Ball 1-0: Ball 2-0: Called Strike 2-1: Ball 3-1: Base on Balls
|
|
Pitching: RHP Larry Muttart
|
|
|
Pinch Hitting: LHB Pat Fontana
|
0-0: Fielders Choice at 2nd, 6-4 (Groundball, 6, EV 91.2 MPH)
|
|
Batting: RHB Kevin Popowicz
|
0-0: Ball 1-0: Ball 2-0: Foul Ball, location: 2F 2-1: SINGLE (Groundball, 56D, EV 101.9 MPH) Pat Fontana to second
|
|
Batting: RHB Maup Gommers
|
0-0: Ball 1-0: Swinging Strike 1-1: Fly out, F9 (Flyball, 9LSF, EV 88.8 MPH)
|
|
Batting: LHB Sam Williams
|
0-0: Ball 1-0: Ball 2-0: Called Strike 2-1: Ball 3-1: Base on Balls Pat Fontana to third Kevin Popowicz to second
|
|
Batting: RHB Jonathan Mendoza
|
0-0: Called Strike 0-1: Ball 1-1: Ball 2-1: Foul Ball, location: 2F 2-2: Ground out 2-3 (Groundball, 15S, EV 69.4 MPH)
|
| Bottom of the 8th over - 0 runs, 1 hit, 0 errors, 3 left on base; Minnesota (NYP) 6 - Aberdeen 0 |
| TOP OF THE 9TH |
|
Minnesota (NYP) Twins batting - Pitching for Aberdeen Ironbirds : RHP Rich Hensley
|
|
Now at 3B: Chris Wright
|
|
|
Now at SS: Fernando Bravo
|
|
|
Batting: LHB Ryuuichi Shintani
|
0-0: Ball 1-0: Foul Ball, location: 2F 1-1: Ball 2-1: Called Strike 2-2: Strikes out swinging
|
|
Batting: RHB Kevin Harris
|
0-0: Called Strike 0-1: Ground out U3 (Groundball, 3L, EV 91.9 MPH)
|
|
Batting: LHB Shaun Price
|
0-0: Called Strike 0-1: Foul Ball, location: 2F 0-2: Ball 1-2: Foul Ball, location: 2F 1-2: SINGLE (Groundball, 56D, EV 98.1 MPH)
|
|
Pitching: RHP Art Boulter
|
|
|
Batting: RHB Sergio Gomez
|
0-0: Ball 1-0: DOUBLE (Line Drive, 89D, EV 92.5 MPH) Shaun Price to third Runner from 3rd tries for Home, SAFE, throw by RF to trailing runner, SAFE at third!
|
|
Batting: LHB Hector Olvera
|
0-0: Swinging Strike 0-1: Ball 1-1: Ball 2-1: Foul Ball, location: 2F 2-2: Ball 3-2: SINGLE (Line Drive, 78S, EV 101.9 MPH) Sergio Gomez scores
|
|
Batting: RHB Chris Bejarano
|
0-0: Swinging Strike 0-1: Ball 1-1: Called Strike 1-2: Foul Ball, location: 2F 1-2: Ball 2-2: Ball 3-2: Base on Balls Hector Olvera to second
|
|
Batting: RHB Ioan Biros
|
0-0: Ball 1-0: Ball 2-0: Ball 3-0: Called Strike 3-1: DOUBLE (Line Drive, 5D, EV 98.1 MPH) Hector Olvera scores Chris Bejarano to third Runner from 3rd tries for Home, SAFE, no throw by LF
|
|
Batting: LHB Ben Roth
|
0-0: Called Strike 0-1: Ball 1-1: Swinging Strike 1-2: Ball 2-2: Strikes out swinging
|
| Top of the 9th over - 4 runs, 4 hits, 0 errors, 1 left on base; Minnesota (NYP) 10 - Aberdeen 0 |
| BOTTOM OF THE 9TH |
|
Aberdeen Ironbirds batting - Pitching for Minnesota (NYP) Twins : RHP Larry Muttart
|
|
Batting: LHB Vinny Rivera
|
0-0: Ball 1-0: Fly out, F8 (Flyball, 8LM, EV 88.8 MPH)
|
|
Pinch Hitting: RHB Chris McGuirk
|
0-0: Ball 1-0: Ball 2-0: Foul Ball, location: 2F 2-1: Foul Ball, location: 2F 2-2: Ball 3-2: Strikes out looking
|
|
Batting: RHB Wil Ochoa
|
0-0: Called Strike 0-1: Ground out 6-3 (Groundball, 6S, EV 70.6 MPH)
|
| Bottom of the 9th over - 0 runs, 0 hits, 0 errors, 0 left on base; Minnesota (NYP) 10 - Aberdeen 0 |
|